 Dungeon Crawl Stone Soup version 0.19.4 (webtiles) character file.

29 Raymar the Caller (level 3, -4/19 HPs)
             Began as a Deep Elf Summoner on Feb 3, 2017.
             Slain by Terence
             ... wielding a +1 short sword of freezing
              (5 damage)
             ... on level 2 of the Dungeon.
             The game lasted 00:06:37 (1161 turns).

Raymar the Caller (Deep Elf Summoner)               Turns: 1161, Time: 00:06:37

Health: -4/19      AC:  3    Str:  5    XL:     3   Next: 1%
Magic:  2/10       EV: 13    Int: 20    God:
Gold:   65         SH:  0    Dex: 15    Spells: 2 memorised, 6 levels left

rFire  . . .     SeeInvis .     (no weapon)
rCold  . . .     Gourm    .     a - +0 robe
rNeg   . . .     Faith    .     (no shield)
rPois  .         Spirit   .     (no helmet)
rElec  .         Reflect  .     (no cloak)
rCorr  .         Harm     .     f - +0 pair of gloves
MR     .....                    (no boots)
Stlth  ++........               (no amulet)
                                (no ring)
                                (no ring)

@: no status effects
A: no striking features
a: no special abilities


You were on level 2 of the Dungeon.
You were not hungry.

You visited 1 branch of the dungeon, and saw 2 of its levels.

You collected 65 gold pieces.

Inventory:

Armour
 a - a +0 robe (worn)
 f - a +0 pair of gloves (worn)
Scrolls
 e - a scroll of identify
 g - a scroll of fog {unknown}
Potions
 c - a potion of berserk rage {unknown}
 d - a potion of ambrosia
Books
 b - a book of Callings

   Spells                             Type                      Level
   a - Summon Small Mammal            Summoning                    1
   b - Call Imp                       Summoning                    2
   c - Call Canine Familiar           Summoning                    3
   d - Summon Guardian Golem          Hexes/Summoning              3
   e - Summon Lightning Spire         Summoning/Air                4
   f - Summon Ice Beast               Ice/Summoning                4


   Skills:
 + Level 2.5 Dodging
 + Level 2.5 Stealth
 + Level 3.5 Spellcasting
 + Level 5.1 Summonings


You had 6 spell levels left.
You knew the following spells:

 Your Spells              Type           Power        Failure   Level  Hunger
a - Summon Small Mammal   Summ           ###.         1%          1    None
b - Call Imp              Summ           ###.....     2%          2    ##.....


Dungeon Overview and Level Annotations

Branches:
Dungeon (2/15)

Altars:
Elyvilon
Hepliaklqana
Okawaru

Annotations:
D:2 Terence


Message History

Confirm with . or Enter, or press ? or * to list all spells.
A beastly little devil appears in a puff of flame.
Terence hits you with a short sword of freezing.
Terence freezes you. Terence misses you. Terence closely misses you.
Your shadow imp gestures at Terence.
Terence writhes in agony!
Casting: Call Imp
Confirm with . or Enter, or press ? or * to list all spells.
You don't have enough magic to cast that spell.
Terence hits you with a short sword of freezing.
* * * LOW HITPOINT WARNING * * *
Terence freezes you.
* * * LOW HITPOINT WARNING * * *
Your shadow imp gestures at Terence.
Terence writhes in agony!
Terence closely misses you.
You hit Terence but do no damage.
Terence is heavily wounded.
Terence hits you with a short sword of freezing.
You die...

........## ###..# ####.##.
.!........ .....###########.##.
..<......# ##...#..............
.........###......#########..#.
.........#...#...[.# ##.#.
..?>.......###...#.###### #...
#..........55.......)...# ####
##.....########@.#....#........
###### #@....##)#########
#.....##..## #.... #.....###..#
#.### #.....# ##.###.# #
#.....# #..##.### #<....#
##.##.### #.....# #...†###
####### ###..# # #..###


You could see Terence.

Vanquished Creatures (collateral kills)
  An adder (D:2)
  A dart slug (D:1)
  3 leopard geckos
  4 giant cockroaches (D:1)
  3 hobgoblins (D:1)
  5 kobolds
  A ball python (D:2)
  6 bats
  3 frilled lizards
  5 rats
32 creatures vanquished.

Notes
Turn   | Place    | Note
-------+----------+-------------------------------------------
     0 | D:1      | Raymar the Deep Elf Summoner began the quest for the Orb.
     0 | D:1      | Reached XP level 1. HP: 10/10 MP: 6/6
   406 | D:1      | Reached XP level 2. HP: 10/15 MP: 1/8
   494 | D:1      | Learned a level 2 spell: Call Imp
   835 | D:2      | Reached skill level 5 in Summonings
   926 | D:2      | Found an iron altar of Okawaru.
   930 | D:2      | Found a hazy altar of Hepliaklqana.
   989 | D:2      | Found a white marble altar of Elyvilon.
  1132 | D:2      | Noticed Terence
  1154 | D:2      | Reached XP level 3. HP: 10/19 MP: 3/10
  1161 | D:2      | Slain by Terence

Skill      XL: |  1  2 |
---------------+-------+-----
Summonings     | 5 |  5.1
Dodging        | |  2.5
Stealth        | |  2.5
Spellcasting   | |  3.5

Action                   || total
-------------------------++-------
Melee: Unarmed           ||     4
 Cast: Summon Small Mamm ||    57
       Call Imp          ||     5
  Use: Scroll            ||     3
  Eat: Bread ration      ||     1
Armor: Robe              ||     7
Dodge: Dodged            ||    48
